 Seeded DCSS version 0.29-a0-1009-g60c99734e7 (webtiles) character file.

Game seed: 20220808 (custom seed)

26211 purpskrrrp the Crack Shot (level 13, -7/81 HPs)
             Began as a Kobold Hunter on Aug 8, 2022.
             Was an Initiate of Gozag.
             Mangled by a raiju (9 damage)
             ... on level 2 of the Abyss.
             The game lasted 01:57:03 (24363 turns).

purpskrrrp the Crack Shot (Kobold Hunter)          Turns: 24363, Time: 01:57:07

Health: -7/81      AC: 27    Str:  8    XL:     13   Next: 56%
Magic:  0/22       EV: 15    Int: 12    God:    Gozag
Gold:   377        SH:  0    Dex: 20    Spells: 12/12 levels left

rFire   . . .      SeeInvis .   F - +2 arbalest (vorpal)
rCold   . . .      Faith    .   (shield currently unavailable)
rNeg    . . .      Spirit   +   y - +4 scale mail {rPois}
rPois   +          Reflect  .   k - +2 helmet
rElec   .          Harm     .   D - +1 cloak
rCorr   .          Rampage  .   x - +2 pair of gloves
Will    .....                   g - +2 pair of boots
Stlth   +++.......              o - amulet of guardian spirit
HPRegen 0.23/turn               C - ring of magical power
MPRegen 0.18/turn               (no ring)

@: about to teleport, gold aura
A: small, no large weapons, nightstalker 3, iridescent scales 1, clumsy 1
a: Renounce Religion, Potion Petition, Call Merchant, Bribe Branch


You were on level 2 of the Abyss.
You worshipped Gozag.
Gozag was aware of your devotion.
You visited 4 branches of the dungeon, and saw 17 of its levels.
You visited the Abyss 1 time.
You also visited: Ice Cave.

You collected 4561 gold pieces.
You spent 803 gold pieces at shops.
You paid 3381 gold pieces to Gozag.

Inventory:

Hand Weapons
 a - a +2 vorpal shortbow
 h - a +2 sling of flaming
 s - the +6 trident "Rooxt" {vamp, rN+ MP+9 Str+2}
   (You found it on level 4 of the Dungeon)

   It occasionally heals its wielder for a portion of the damage dealt when it
   wounds a living foe.
   Str:       It affects your strength (+2).
   rN:        It protects you from negative energy.
   MP:        It affects your magic capacity (+9).
 t - a +1 arbalest of freezing
 A - a +4 longbow of flaming
 F - a +2 vorpal arbalest (weapon)
Missiles
 e - 6 javelins
 f - 39 poisoned darts
Armour
 c - a +0 leather armour
 g - a +2 pair of boots (worn)
 k - a +2 helmet (worn)
 x - a +2 pair of gloves (worn)
 y - a +4 scale mail of poison resistance (worn)
 D - a +1 cloak (worn)
Jewellery
 i - an amulet of the acrobat
 o - an amulet of guardian spirit (around neck)
 C - a ring of magical power (left hand)
Wands
 p - a wand of roots (36)
 q - a wand of paralysis (24)
 K - a wand of flame (3)
Scrolls
 b - a scroll of immolation
 v - 3 scrolls of teleportation
 B - a scroll of amnesia
 I - a scroll of torment
 M - a scroll of identify
Potions
 d - 3 potions of might
 j - 3 potions of attraction
 l - a potion of resistance
 n - 4 potions of brilliance
 u - 6 potions of curing
 w - a potion of cancellation
 E - 3 potions of lignification {unknown}
 G - 2 potions of invisibility {unknown}
 H - a potion of degeneration {unknown}
 J - a potion of flight
 N - a potion of ambrosia {unknown}
Miscellaneous
 m - a piece from Xom's chessboard (15/15)


   Skills:
 + Level 9.7 Fighting
 + Level 21.0 Ranged Weapons
 + Level 9.5 Armour
 + Level 10.6 Dodging
 - Level 7.0 Stealth


You had 12 spell levels left.
You didn't know any spells.
Your spell library contained the following spells:

 Spells                   Type           Power      Damage    Failure   Level
 Beastly Appendage        Tmut           0%         N/A       91%         1
 Magic Dart               Conj           0%         1d3       91%         1
 Poisonous Vapours        Pois/Air       0%         N/A       97%         2
 Searing Ray              Conj           0%         2d4       97%         2
 Wereblood                Tmut           0%         N/A       97%         2
 Conjure Flame            Conj/Fire      0%         6-21      99%         3
 Frozen Ramparts          Ice            0%         1d1       99%         3
 Gell's Gravitas          Tloc           0%         N/A       99%         3
 Ignite Poison            Fire/Tmut/Pois 0%         N/A       99%         3
 Lesser Beckoning         Tloc           0%         N/A       99%         3
 Spider Form              Tmut/Pois      0%         N/A       99%         3
 Stone Arrow              Conj/Erth      0%         3d7       99%         3
 Teleport Other           Tloc           0%         N/A       99%         3
 Animate Armour           Summ/Erth      0%         N/A       100%        4
 Fulminant Prism          Conj/Hex       0%         3d6       100%        4
 Ice Form                 Ice/Tmut       0%         N/A       100%        4
 Sticky Flame             Conj/Fire      0%         2d3       100%        4
 Summon Ice Beast         Ice/Summ       0%         N/A       100%        4
 Summon Lightning Spire   Summ/Air       0%         N/A       100%        4
 Eringya's Noxious Bog    Tmut/Pois      0%         N/A       100%        6
 Storm Form               Tmut/Air       0%         N/A       100%        7
 Lehudib's Crystal Spear  Conj/Erth      0%         10d2      100%        8
 Maxwell's Capacitive Co  Air            0%         ∞         100%        8


Dungeon Overview and Level Annotations

Branches:
Dungeon (12/15)            Temple (0/1) D:5            Lair (2/5) D:8
    Orc (2/2) D:9             Elf (1/3) Orc:2         IceCv (visited)
  Swamp: Lair:2-3    Shoals: Lair:2-3     Snake: Lair:2-3    Spider: Lair:2-3

Altars:
Elyvilon
Gozag
Hepliaklqana
Kikubaaqudgha
Makhleb
Nemelex Xobeh
Qazlal
Ru
Sif Muna
Vehumet
Wu Jian
Xom

Shops:
D:2 *   D:6 (   D:7 (   D:9 (   Orc:1 :(   Orc:2 *(*!   Lair:2 [

Annotations:
D:6 2 transporters
Lair:2 1 transporter


Innate Abilities, Weirdness & Mutations

You are small and have problems with some larger weapons.
You are completely attuned to the shadows.
You are partially covered in iridescent scales. (AC +2)
You are clumsy. (Dex -2)


Message History

Press: ? - help, Shift-Dir - straight line, f - raiju
Aim: a raiju (63% to hit)
You shoot a bolt. The bolt hits the raiju.
The raiju is lightly wounded.
You hear a shout!
The shard shrike zombie claws something!
The raiju bursts into living lightning!
The living lightning hits you!
* * * LOW HITPOINT WARNING * * *
The raiju blinks!
Something bites your butterfly!
Your butterfly dies!
Your butterfly disappears in a burst of colours!
Really read the scroll of immolation?
As you read the scroll of immolation, it crumbles to dust.
The creatures around you are filled with an inner flame!
The shard shrike zombie is distracted by your dazzling golden aura.
An ufetubus comes into view.
The raiju is distracted by your dazzling golden aura.
The air fills with toxic fumes!
As you read the scroll of poison, it crumbles to dust.
The ufetubus closely misses you.
The ufetubus hits you but does no damage. x3
A worldbinder comes into view.
The ufetubus barely misses you. The ufetubus misses you.
The raiju is engulfed in poison gas.
The raiju is poisoned.
Flame seeps out of the raiju.
The raiju bursts into living lightning!
The living lightning hits you!
* * * LOW HITPOINT WARNING * * *
The raiju blinks!
The raiju barks!
Okay, then.
The raiju is no longer distracted by gold.
Flame seeps out of the raiju.
The raiju is engulfed in blazing flames.
Flame seeps out of the raiju.
The raiju bites you.
* * * LOW HITPOINT WARNING * * *
The raiju shocks you!
You die...
Your body crumbles into a pile of gold.

. ..~. . .. . ~
# . ..# .#.. ~♣
##. # ....# # #
.# #.. .. #. #
###... ....# #
.#.#.#h.#.#. #
.....#. .#..$#
..#@###.§$.. #
#..h5Z.h.§###.#
###x§.#§#§. ##
#§#§§.##.####
..###.. b...# #
..#.bb.b
#...###...#
##.#. #..b# ##
.....#


You could see a worldbinder (wandering), 2 raiju, an ufetubus and a shard shrike
zombie (inner flame).

Vanquished Creatures
  A tentacled starspawn (Abyss:2)
  The ghost of Tollund the Thaumaturge, a journeyman GnWr of Hepliaklqana (Lair:2)
  A boulder beetle (Lair:1)
  3 hydras
  A two-headed ogre (D:9)
  An orc high priest (Orc:1)
  Nergalle (Lair:2)
  Sonja (Lair:2)
  3 orc knights (Orc:2)
  A deep elf pyromancer (Elf:1)
  3 cane toads
  Joseph (D:8)
  A komodo dragon (Lair:2)
  A red devil (Lair:2)
  4 trolls
  A hornet (D:10)
  A raiju (Abyss:2)
  3 blink frogs (Lair:1)
  2 shadows (D:11)
  Sigmund (D:3)
  A vampire (D:8)
  15 yaks
  2 wraiths
  4 wyverns
  A basilisk (Lair:2)
  5 wargs
  2 acid dragons
  3 water moccasins
  38 orc warriors
  A sky beast (D:7)
  2 black bears
  6 wolves (Lair:1)
  11 centaurs
  4 ogres
  6 kobold brigands
  3 bullfrogs
  A necrophage (D:6)
  2 scorpions
  13 wights
  17 killer bees
  4 electric eels (Lair:2)
  2 howler monkeys
  2 jellies
  3 hounds
  A gnoll bouda (D:5)
  15 orc priests
  Jessica (D:3)
  Ijyb (D:3)
  Natasha (twice) (D:4)
  7 iguanas
  24 orc wizards
  Robin (D:3)
  7 gnolls
  7 adders
  14 white imps
  3 worms
  88 orcs
  4 bats
  3 bat zombies (D:11)
  6 endoplasms
  4 giant cockroaches
  13 goblins
  9 hobgoblins
  9 jackals
  30 kobolds
  2 quokkas
  5 ball pythons
  2 frilled lizards
  3 rats
  A rat zombie (D:11)
  A starspawn tentacle (Abyss:2)
443 creatures vanquished.

Vanquished Creatures (others)
  4 fungi (Lair:2)
  17 plants
  5 starspawn tentacles (Abyss:2)
26 creatures vanquished.

Grand Total: 469 creatures vanquished

Notes
Turn   | Place    | Note
-------+----------+-------------------------------------------
     0 | D:1      | purpskrrrp the Kobold Hunter began the quest for the Orb.
     0 | D:1      | Reached XP level 1. HP: 12/12 MP: 1/1
   106 | D:1      | Reached XP level 2. HP: 17/17 MP: 2/2
   203 | D:1      | Identified a scroll of acquirement
   203 | D:1      | Acquired a manual of Ranged Weapons
   233 | D:1      | Reached skill level 6 in Ranged Weapons
   774 | D:2      | Reached XP level 3. HP: 21/21 MP: 3/3
  1005 | D:2      | Found a faded altar of an unknown god.
  1168 | D:2      | Reached skill level 7 in Ranged Weapons
  1441 | D:2      | Found Wigg's General Store.
  1625 | D:2      | Prayed at the altar of an unknown god.
  1625 | D:2      | Became a worshipper of Gozag Ym Sagoz the Greedy
  1655 | D:3      | Noticed Ijyb
  2018 | D:3      | Noticed Sigmund
  2030 | D:3      | Killed Sigmund
  2031 | D:3      | Reached skill level 11 in Ranged Weapons
  2031 | D:3      | Reached XP level 4. HP: 26/26 MP: 4/4
  2031 | D:3      | Reached XP level 5. HP: 30/30 MP: 5/5
  2031 | D:3      | Reached XP level 6. HP: 35/35 MP: 6/6
  2296 | D:3      | Noticed Jessica
  2304 | D:3      | Killed Jessica
  2381 | D:3      | Noticed Robin
  2392 | D:3      | Killed Robin
  2393 | D:3      | Reached skill level 12 in Ranged Weapons
  2639 | D:3      | Killed Ijyb
  3294 | D:4      | Reached XP level 7. HP: 36/40 MP: 7/7
  3297 | D:4      | Reached skill level 13 in Ranged Weapons
  3369 | D:4      | Noticed Natasha
  3374 | D:4      | Killed Natasha
  3543 | D:4      | Identified the +6 trident "Rooxt" {vamp, rN+ MP+9 Str+2}
  4083 | D:4      | Reached skill level 14 in Ranged Weapons
  4142 | D:4      | Noticed Natasha
  4151 | D:4      | Killed Natasha
  4633 | D:2      | Bought a scroll of poison for 44 gold pieces
  4633 | D:2      | Bought a wand of flame (3) for 23 gold pieces
  4633 | D:2      | Bought a +2 scale mail of poison resistance for 198 gold
                  | pieces
  4633 | D:2      | Bought a potion of heal wounds for 55 gold pieces
  4633 | D:2      | Bought a scroll of identify for 22 gold pieces
  4633 | D:2      | Bought a scroll of identify for 22 gold pieces
  4633 | D:2      | Bought a scroll of amnesia for 44 gold pieces
  4692 | D:4      | Gained mutation: You are clumsy. (Dex -2) [potion of
                  | mutation]
  4692 | D:4      | Gained mutation: You are partially covered in iridescent
                  | scales. (AC +2) [potion of mutation]
  4694 | D:5      | Entered Level 5 of the Dungeon
  4806 | D:5      | Found a shimmering altar of Xom.
  4836 | D:5      | Reached skill level 15 in Ranged Weapons
  4872 | D:5      | Found a staircase to the Ecumenical Temple.
  4898 | D:5      | Reached XP level 8. HP: 39/44 MP: 6/8
  5397 | D:5      | Reached skill level 16 in Ranged Weapons
  6746 | D:6      | Reached skill level 17 in Ranged Weapons
  7279 | D:6      | Found a transporter.
  7299 | D:6      | Found a transporter.
  7548 | D:6      | Reached skill level 1 in Armour
  7640 | D:6      | Found Veqom's Weapon Shop.
  7828 | D:7      | Got the Precepts of Putrid Generation
  7875 | D:7      | Reached XP level 9. HP: 49/49 MP: 9/9
  8561 | D:7      | Found a burning altar of Makhleb.
  9255 | D:7      | Reached skill level 18 in Ranged Weapons
  9668 | D:8      | Reached XP level 10. HP: 50/50 MP: 10/10
  9668 | D:8      | Noticed Joseph
  9688 | D:8      | Killed Joseph
  9807 | D:8      | Reached skill level 5 in Armour
 10073 | D:8      | Found a shimmering blue altar of Sif Muna.
 10369 | D:8      | Found a staircase to the Lair.
 10570 | D:8      | Found a faded altar of an unknown god.
 10574 | D:8      | Found a hazy altar of Hepliaklqana.
 10754 | D:8      | Found an opulent altar of Gozag.
 10968 | D:9      | Noticed a two-headed ogre
 11433 | D:9      | Found a stormy altar of Qazlal.
 12157 | D:9      | Found a staircase to the Orcish Mines.
 12537 | D:7      | Bought a glowing sling for 139 gold pieces
 13071 | D:10     | Entered Level 10 of the Dungeon
 13077 | D:10     | Reached skill level 5 in Stealth
 13206 | D:9      | Reached XP level 11. HP: 48/62 MP: 11/11
 13422 | D:10     | Reached skill level 5 in Dodging
 13484 | D:9      | Reached skill level 19 in Ranged Weapons
 13628 | D:10     | Found a sparkling altar of Nemelex Xobeh.
 13787 | D:10     | Found a radiant altar of Vehumet.
 13827 | D:10     | Found a white marble altar of Elyvilon.
 14079 | D:10     | Reached skill level 5 in Fighting
 14458 | D:10     | Found a sacrificial altar of Ru.
 14585 | D:10     | Found an ornate altar of the Wu Jian Council.
 15118 | D:11     | Noticed a two-headed ogre
 15118 | D:11     | Noticed a boulder beetle
 15830 | D:11     | Found an ancient bone altar of Kikubaaqudgha.
 16024 | D:11     | Noticed a cyclops
 16089 | D:9      | Killed a two-headed ogre
 16224 | Lair:1   | Entered Level 1 of the Lair of Beasts
 16910 | Lair:1   | Noticed a boulder beetle
 16951 | Lair:1   | Killed a boulder beetle
 17186 | Lair:1   | Noticed a five-headed hydra
 17196 | Lair:1   | Killed a five-headed hydra
 17457 | Lair:1   | Reached XP level 12. HP: 65/71 MP: 12/12
 18094 | Lair:2   | Noticed a four-headed hydra
 18115 | Lair:2   | Killed a four-headed hydra
 18473 | Lair:2   | Found a transporter.
 18510 | Lair:2   | Noticed an eight-headed hydra
 18687 | Orc:1    | Entered Level 1 of the Orcish Mines
 18689 | Orc:1    | Noticed an orc high priest
 18705 | Orc:1    | Noticed a sixfirhy
 18722 | Orc:1    | Killed an orc high priest
 18949 | Orc:1    | Reached skill level 20 in Ranged Weapons
 19132 | Orc:1    | Found a frozen archway.
 19141 | IceCv    | Entered an ice cave
 19499 | Orc:1    | Found Gubrequt's Book Boutique.
 19927 | Orc:2    | Entered Level 2 of the Orcish Mines
 20349 | Orc:2    | Found a staircase to the Elven Halls.
 20697 | Orc:1    | Bought a runed longbow for 256 gold pieces
 21661 | Orc:2    | Reached XP level 13. HP: 79/79 MP: 13/13
 21806 | Orc:2    | Found Lynen's Weapon Boutique.
 21806 | Orc:2    | Found Dier's Assorted Antiques.
 21806 | Orc:2    | Found Viempuac's Distillery.
 21807 | Orc:2    | Found Foenuabb's General Store.
 22571 | Elf:1    | Entered Level 1 of the Elven Halls
 22591 | Orc:2    | HP: 4/80 [deep elf zephyrmancer/bolt of lightning (16)]
 23053 | Lair:2   | Noticed Nergalle
 23065 | Lair:2   | Killed Nergalle
 23412 | Lair:2   | Identified the +5 hand axe of Generosity {freeze, Int+6}
 23450 | Lair:2   | Noticed Sonja
 23451 | Lair:2   | Killed Sonja
 23452 | Lair:2   | Reached skill level 10 in Dodging
 23606 | Lair:2   | Found a transporter.
 23924 | Lair:2   | Killed an eight-headed hydra
 24094 | Lair:2   | Noticed Tollund's ghost (journeyman GnWr)
 24106 | Lair:2   | Killed Tollund's ghost
 24270 | Abyss:2  | Cast into level 2 of the Abyss (spriggan rider)
 24308 | Abyss:2  | Noticed a tentacled starspawn
 24329 | Abyss:2  | Killed a tentacled starspawn
 24330 | Abyss:2  | Reached skill level 21 in Ranged Weapons
 24350 | Abyss:2  | HP: 1/81 [raiju/living lightning (5)]
 24362 | Abyss:2  | HP: 4/81 [raiju/living lightning (15)]
 24363 | Abyss:2  | Mangled by a raiju

Illustrated notes

Levels and vault maps discovered:
D:1:      sevenhm_arrival_forest_fort_small_4, layout_loops_cross
D:2:      layout_basic, serial_shops, shop, basic_ecumenical_altar
D:3:      wad_river_or_something, layout_basic, uniq_jessica, uniq_sigmund,
          uniq_ijyb, uniq_robin
D:4:      minmay_spotlight, layout_loops_ring, uniq_natasha
D:5:      layout_layer_cave, xom_butterflies, minmay_temple_entry_sparse_star,
          serial_bayou_lagoon_b
D:6:      gammafunk_steamed_eel, layout_basic, serial_shops,
          nicolae_shop_bloodbath_and_beyond
D:7:      layout_cave_pools, mainiacjoe_overflow_catwalk,
          minmay_misc_feat_four_crosses
D:8:      layout_cave_pools, mainiacjoe_overflow_large_starburst,
          beargit_hepliaklqana_dungeon_heroes, erik_lair_orcish_takeover,
          uniq_joseph
D:9:      layout_stronghold, grunt_qazlal_clouds, orc_0_dummy,
          serial_column_ruins, column_ruins_hut, column_ruins_hut,
          column_ruins_grid_1, column_ruins_columns_straight,
          column_ruins_open_small, column_ruins_grid_1,
          column_ruins_columns_straight, grunt_ministairs_15
D:10:     minmay_skewed_foursquare, layout_cave_pools, elyvilon_altar_5,
          mainiacjoe_overflow_paths, fiery_altar_vehumet, hangedman_ru_absence,
          nicolae_wu_jian_immortal_techniques
D:11:     layout_loops_cross, lemuel_zombie_altar_kikubaaqudgha
D:12:     layout_irregular_city, uniq_fannar
Lair:1:   layout_cave_pods, serial_bayou_shore_b, grunt_megastairs_1
Lair:2:   wander_river, layout_long_grid, gammafunk_ghost_abyssal_escape,
          disabler_island, uniq_sonja, uniq_nergalle
Orc:1:    layout_caves, serial_shops, nicolae_shop_crystal,
          portal_ice_cave_entry_imps, basic_altar
Orc:2:    st_orc_rangers, layout_diamond_mine, statue_in_the_mist_lemuel,
          guppyfry_library_mini
Elf:1:    eino_elf_arrival_shootout, layout_geoelf_diagonals, serial_shops,
          nicolae_diamond_shop, minivault_28, st_stairs_2
Abyss:2:  base: Lair:5, evilmike_abyss_exit_16, bh_abyss_exit_spiral

Skill      XL: |  1  2  3  4  5  6  7  8  9 10 11 12 13 |
---------------+----------------------------------------+-----
Ranged Weapons | 6 11 12 15 17 18 19 20 21 | 21.0
Stealth        | 2 4 5 7 |  7.0
Armour         | 1 4 6 7 8 9 |  9.5
Dodging        | 3 4 7 9 10 | 10.6
Fighting       | 3 4 6 8 9 |  9.7

Action                   |  1- 3 |  4- 6 |  7- 9 | 10-12 | 13-15 || total
-------------------------+-------+-------+-------+-------+-------++-------
Melee: Shortbow          |       |       |       |     1 |       ||     1
 Fire: Shortbow          |    73 |   112 |   427 |   735 |       ||  1347
       Arbalest          |       |       |       |   211 |   158 ||   369
Throw: Dart              |       |       |       |     9 |       ||     9
Invok: Call Merchant     |       |       |       |     3 |     1 ||     4
Evoke: Wand              |       |       |       |    13 |       ||    13
       Piece from Xom's  |       |       |       |     1 |       ||     1
  Use: Scroll            |     6 |       |    12 |    16 |     6 ||    40
       Potion            |     2 |       |     3 |     5 |     5 ||    15
Armor: Leather armour    |    15 |     8 |     9 |       |       ||    32
       Scale mail        |       |       |   141 |   583 |    97 ||   821
Dodge: Dodged            |    34 |    41 |   153 |   671 |    89 ||   988

Table legend: (Time is in decaauts)
 A = Elapsed time spent in this place.
 B = Non-inter-level travel time spent in this place.
 C = Inter-level travel time spent in this place.
 D = Time resting spent in this place.
 E = Time spent auto-exploring this place.
 F = Levels seen in this place.
 G = Mean time per level.
                   A        B        C        D        E       F      G
               +--------+--------+--------+--------+--------+-----+--------+
         Total |  24603 |  22186 |   2417 |   6172 |  11158 |  19 | 1294.9 |
       Dungeon |  16764 |  15065 |   1699 |   3910 |   8302 |  12 | 1397.0 |
          Lair |   3725 |   3418 |    307 |    898 |   1922 |   2 | 1862.5 |
  Orcish Mines |   4003 |   3592 |    411 |   1364 |    933 |   2 | 2001.5 |
   Elven Halls |      5 |      5 |      0 |      0 |      0 |   1 |    5.0 |
         Abyss |     97 |     97 |      0 |      0 |      0 |   1 |   97.0 |
      Ice Cave |      6 |      6 |      0 |      0 |      0 |   1 |    6.0 |
               +--------+--------+--------+--------+--------+-----+--------+

Top non-repeatable levels by time:
     D:5: 2445 daAuts
     D:9: 2297 daAuts
   Orc:2: 2250 daAuts
     D:7: 2139 daAuts
  Lair:2: 1910 daAuts
  Lair:1: 1815 daAuts
   Orc:1: 1753 daAuts
     D:3: 1710 daAuts
     D:8: 1686 daAuts
    D:10: 1514 daAuts
     D:4: 1312 daAuts
    D:11: 1286 daAuts
     D:2: 923 daAuts
     D:1: 768 daAuts
     D:6: 676 daAuts
